 Dungeon Crawl Stone Soup version 0.26.0-45-g9c1d065592 (webtiles) character file.

Game seed: 3230978900024070271

115 hatsuma the Chopper (level 4, 0/38 HPs)
             Began as a Demigod Warper on Jan 28, 2021.
             Killed by divine providence
             ... invoked by an orc priest
              (11 damage)
             ... on level 3 of the Dungeon.
             The game lasted 00:19:24 (3049 turns).

hatsuma the Chopper (Demigod Warper)                Turns: 3049, Time: 00:19:24

Health: 0/38       AC:  4    Str: 16    XL:     4   Next: 41%
Magic:  9/9        EV: 12    Int: 17    God:
Gold:   159        SH:  0    Dex: 15    Spells: 1/6 levels left

rFire    . . .     SeeInvis .   a - +0 hand axe
rCold    . . .     Faith    .   (no shield)
rNeg     . . .     Spirit   .   b - +0 leather armour
rPois    .         Reflect  .   (no helmet)
rElec    .         Harm     .   (no cloak)
rCorr    .         Rampage  .   g - +0 pair of gloves
Will     .....                  (no boots)
Stlth    +.........             (no amulet)
HPRegen  0.12/turn              (no ring)
MPRegen  0.11/turn              (no ring)

@: no status effects
A: high mp 1
a: no special abilities


You were on level 3 of the Dungeon.
You visited 1 branch of the dungeon, and saw 3 of its levels.

You collected 159 gold pieces.

Inventory:

Hand Weapons
 a - a +0 hand axe (weapon)
Missiles
 e - 5 boomerangs of dispersal
 f - a boomerang (quivered)
Armour
 b - a +0 leather armour (worn)
 g - a +0 pair of gloves (worn)
Jewellery
 t - an uncursed ring of resist corrosion {unknown}
Scrolls
 c - 2 scrolls of amnesia
 d - 2 scrolls of blinking
 j - 2 scrolls of teleportation {unknown}
 k - a scroll of immolation {unknown}
 l - a scroll of enchant armour {unknown}
 n - a scroll of remove curse {unknown}
 o - a scroll of fog {unknown}
 p - a scroll of magic mapping {unknown}
Potions
 h - a potion of haste {unknown}
 i - 2 potions of degeneration {unknown}
 m - a potion of might {unknown}
 q - 2 potions of invisibility
 r - 2 potions of heal wounds
 s - a potion of attraction {unknown}


   Skills:
 + Level 3.4 Fighting
 - Level 3.4 Axes
 - Level 0.8 Throwing
 - Level 0.8 Armour
 - Level 1.7 Dodging
 - Level 1.7 Spellcasting
 - Level 2.6 Translocations


You had one spell level left.
You knew the following spells:

 Your Spells              Type           Power        Failure   Level
a - Blink                 Tloc           N/A          12%         2
b - Teleport Other        Tloc           10%          24%         3

Your spell library contained the following spells:

 Spells                   Type           Power        Failure   Level
 Gell's Gravitas          Tloc           5%           24%         3
 Lesser Beckoning         Tloc           5%           24%         3
 Passage of Golubria      Tloc           N/A          63%         4


Dungeon Overview and Level Annotations

Branches:
Dungeon (3/15)

Annotations:
D:2 1 runed translucent door, Crazy Yiuf
D:3 Sigmund


Innate Abilities, Weirdness & Mutations

You have an increased reservoir of magic. (+10% MP)


Message History

The orc priest invokes the aid of Beogh against you.
Pain shoots through your body! The orc barely misses you.
You slash the orc priest!
The orc priest is heavily wounded.
You hit the orc. You hit the orc but do no damage.
The orc completely misses you.
The orc priest hits you with a +0 great sword!
* * * LOW HITPOINT WARNING * * *
The orc barely misses you.
You hit the orc priest.
The orc priest is severely wounded.
You hit the orc but do no damage. You hit the orc.
You kill the orc!
The orc barely misses you. The orc priest barely misses you.
You hit the orc priest.
The orc priest is almost dead.
You barely miss the orc. The orc closely misses you.
The orc priest mumbles some strange prayers to Beogh against you.
Beogh smites you!
You die...

##.##...#...#.#.#
#.##########...#
#.#######.....##.##
#.##................
#.##.####.###.###.#.
#......##.# #.#
#..###.##.###.# #..#
#..oo.##.#
##.###.##@)##.#
###.....##.....#
#.....####..#..###.#
#.##### #.(........
#.# #(#.#.##.# #.#
##...###.# #.# ##.##
#.# # #.# #.# #.# .#
# #.###### #.#
#.###.#.#


You could see an orc priest and an orc.

Vanquished Creatures
  An adder (D:3)
  A shadow imp (D:2)
  An ooze (D:1)
  3 worms (D:2)
  5 dart slugs
  A leopard gecko (D:3)
  2 orcs (D:3)
  6 giant cockroaches
  6 hobgoblins
  5 jackals
  A ball python skeleton (D:3)
  7 bats
  6 frilled lizards
  11 goblins
  13 kobolds
  3 rats (D:2)
72 creatures vanquished.

Notes
Turn   | Place    | Note
-------+----------+-------------------------------------------
     0 | D:1      | hatsuma the Demigod Warper began the quest for the Orb.
     0 | D:1      | Reached XP level 1. HP: 17/17 MP: 5/5
   246 | D:1      | Reached XP level 2. HP: 24/24 MP: 7/7
   450 | D:1      | Learned a level 2 spell: Blink
   984 | D:1      | Reached XP level 3. HP: 28/29 MP: 8/8
  1242 | D:1      | Learned a level 3 spell: Teleport Other
  1842 | D:2      | Found a sparkling altar of Nemelex Xobeh.
  1930 | D:2      | Found a broken altar of Ashenzari.
  1932 | D:2      | Found a radiant altar of Vehumet.
  1939 | D:2      | Reached XP level 4. HP: 37/37 MP: 9/9
  1939 | D:2      | Found a shimmering altar of Xom.
  2087 | D:2      | Found a runed translucent door.
  2088 | D:2      | Noticed Crazy Yiuf
  2446 | D:3      | Found a hazy altar of Hepliaklqana.
  2599 | D:3      | Noticed Sigmund
  3049 | D:3      | Killed from afar by an orc priest

Illustrated notes

Levels and vault maps discovered:
D:1:      lightli_arrival_farm, layout_basic, minmay_3d_cube
D:2:      minmay_angry_zag, layout_rooms, nemelex_xobeh_ov_fountains_minmay,
          grunt_temple_overflow_open, uniq_crazy_yiuf_cottage
D:3:      layout_loops_ring, nicolae_overflow_crystal_walls, bh_walls_and_bars,
          uniq_grinder, uniq_sigmund

Skill      XL: |  1  2  3  4 |
---------------+-------------+-----
Axes           | 2 3 |  3.4
Fighting       | 2 3 |  3.4
Throwing       | |  0.8
Armour         | |  0.8
Dodging        | |  1.7
Spellcasting   | |  1.7
Translocations | |  2.6

Action                   |  1- 3 |  4- 6 || total
-------------------------+-------+-------++-------
Melee: Hand axe          |   121 |    50 ||   171
Throw: Boomerang         |    53 |    16 ||    69
  Use: Scroll            |       |     3 ||     3
 Stab: Sleeping          |     1 |       ||     1
Armor: Leather armour    |    21 |    19 ||    40
Dodge: Dodged            |    73 |    39 ||   112
